Unix NetHack Version 5.0.0-0 post-release - last build May 10 2026 23:12:36 (d1fa5d53e341ca933230fdaa984d921c805b60aa,branch:main).

Game began 2026-05-14 07:58:35, ended 2026-05-14 08:07:16.

ArrBianca, lawful female dwarven Archeologist

                                                                   ---------
                                                                   ........|
                                                                   |.......|
                                                               #   |.....<.|
                                          -----             ##### #-.......|
                                          |.Z..             #  ##  |.......|
                                         #|%.@|            ##   ###.....)..|
                                       ---ZZ..|          ###       ---------
                                       |.^%.Z.|          #
                                       |..Z...|          #
                                       |......|          #
                                       .Z..----         ##
                                       |Z^:|            #
                                       |0^..#############
                                        ----

ArrBianca the Field Worker  St:9 Dx:11 Co:11 In:15 Wi:16 Ch:10  Lawful
Dlvl:3  $:37 HP:0(30) Pw:4(4) AC:9  Xp:3 T:1210 

Latest messages:
 You are still in a pit.
 You are still in a pit.
 You are still in a pit.
 You hear scratching noises.
 You crawl to the edge of the pit.
 The dwarf zombie rises from the dead!
 a - a blessed +2 bullwhip (weapon in right hand).
 e - a +0 pick-axe (alternate weapon; not wielded).
 A gnome zombie claws itself out of the ground!
 You sense something below your feet.
 A kobold zombie claws itself out of the ground!
 You destroy the gnome zombie!
 The dwarf zombie falls into a pit!
 The orc zombie hits!
 You lash the orc zombie!
 You miss the orc zombie.
 The gnome zombie falls into a pit!
 The gnome zombie is destroyed!
 The orc zombie hits!
 You miss the orc zombie.
 The orc zombie hits!
 A dwarf zombie claws itself out of the ground!
 You miss the orc zombie.
 The kobold zombie hits!
 The orc zombie hits!
 You lash the orc zombie.
 The dwarf zombie hits!
 You hear a door open.
 You destroy the orc zombie!
 Welcome to experience level 3.
 The kobold zombie hits!
 The gnome zombie rises from the dead!
 You destroy the kobold zombie!
 You miss the dwarf zombie.
 The dwarf zombie hits!
 You lash the dwarf zombie.
 The gnome zombie falls into your pit!
 The dwarf zombie hits!
 An orc zombie claws itself out of the ground!
 The gnome zombie rises from the dead!
 The kobold zombie rises from the dead!
 What do you want to use or apply? [ae-i or ?*] a
 In what direction? k
 You flick your bullwhip towards the dwarf zombie.
 You lash the dwarf zombie.
 A gnome zombie claws itself out of the ground!
 You sense something below your feet.
 The dwarf zombie hits!
 You die...
 Do you want an account of creatures vanquished? [ynaq] (y) q

Inventory:
 Coins    ('$')
  $ - 37 gold pieces
 Weapons  (')')
  a - a blessed +2 bullwhip (weapon in right hand)
 Armor    ('[')
  c - a blessed +0 fedora (being worn)
  b - an uncursed +0 leather jacket (being worn)
 Comestibles  ('%')
  d - 3 uncursed food rations
  o - an uncursed lembas wafer
  m - 2 uncursed tripe rations
  n - an uncursed tin of stir fried goblin meat
  j - an uncursed lichen corpse
 Scrolls  ('?')
  k - an uncursed scroll of identify
 Potions  ('!')
  u - an uncursed potion of object detection
 Tools    ('(')
  h - an empty uncursed sack
  i - a magic marker (0:19)
  e - a +0 pick-axe (alternate weapon; not wielded)
  f - a tinning kit (0:76)
 Gems/Stones  ('*')
  g - an uncursed touchstone

ArrBianca the Archeologist's attributes:

Background:
 You were a Field Worker, a level 3 female dwarven Archeologist.
 You were lawful, nominally on a mission for Quetzalcoatl
 who was opposed by Camaxtli (neutral) and Huhetotl (chaotic).
 You were right-handed.
 You were in the Dungeons of Doom, on level 3.
 You entered the dungeon 1210 turns ago.
 You had 44 experience points, 36 more were needed to attain level 4.

Basics:
 You had 0 out of 30 hit points.
 You had all 4 energy points (spell power).
 Your armor class was 9.
 Your wallet contained 37 zorkmids.
 Autopickup was on for '$?!/="+%' plus thrown, with exceptions.

Final Characteristics:
 Your strength was 9 (peak:12, limit:18/100).
 Your dexterity was 11 (limit:20).
 Your constitution was 11 (limit:20).
 Your intelligence was 15 (limit:16).
 Your wisdom was 16 (limit:16).
 Your charisma was 10 (limit:16).

Final Status:
 You weren't hungry.
 You were unencumbered.
 You were wielding a whip.
 You had basic skill with whip.

Final Attributes:
 You were devoutly aligned.
 You had automatic searching.
 You had infravision.
 You were lucky.
 You are dead.

Miscellaneous:
 You didn't encounter any bones levels.
 Total elapsed playing time was 8 minutes and 41 seconds.

Major events:
 Turn
    1: ArrBianca the lawful female dwarven Archeologist entered the dungeon
 1205: attained the rank of Field Worker (level 3)
 1210: killed by a dwarf zombie

You didn't know any spells.

Skills:
 Fighting Skills
   bare handed combat [Unskilled]
   two weapon combat  [Unskilled]
   riding             [Unskilled]
 Weapon Skills
   dagger             [Unskilled]
   knife              [Unskilled]
   pick-axe           [Basic]
   short sword        [Unskilled]
   saber              [Unskilled]
   club               [Unskilled]
   quarterstaff       [Unskilled]
   sling              [Unskilled]
   dart               [Unskilled]
   boomerang          [Unskilled]
   whip               [Basic]
   unicorn horn       [Unskilled]
 Spellcasting Skills
   attack spells      [Unskilled]
   healing spells     [Unskilled]
   divination spells  [Unskilled]
   matter spells      [Unskilled]

Voluntary challenges:
 Character rerolling was not enabled.
 You were an atheist.
 You never had a pet.
 You never genocided any monsters.
 You never polymorphed an object.
 You never changed form.
 You used no wishes.
Achievements:
 You entered a shop.
 You attained the rank of Field Worker.

 The Dungeons of Doom: levels 1 to 3
    Level 1:
       An altar, some fountains.
    Level 2:
       A general store, a fountain.
    Level 3: <- You were here.
       Final resting place for
          you, killed by a dwarf zombie.


Vanquished creatures:
 an orc zombie
  a hobbit
  a giant rat
  a yellow mold
  2 gnome zombies
  2 foxes
  a sewer rat
  3 grid bugs
  a lichen
  3 kobold zombies
  6 newts
22 creatures vanquished.

No species were genocided or became extinct.

Game over:
                       ----------
                      /          \
                     /    REST    \
                    /      IN      \
                   /     PEACE      \
                  /                  \
                  |    ArrBianca     |
                  |      37 Au       |
                  |   killed by a    |
                  |   dwarf zombie   |
                  |                  |
                  |                  |
                  |       2026       |
                 *|     *  *  *      | *
        _________)/\\_//(\/(/\)/\//\/|_)_______

Goodbye ArrBianca the Archeologist...

You died in The Dungeons of Doom on dungeon level 3 with 310 points,
and 37 pieces of gold, after 1210 moves.
You were level 3 with a maximum of 30 hit points when you died.

